AoeStats
← Hugh Jass

Arena

510206570Analyzed
3v3 RM · 2d ago on Sep 29, 2026· 57m 29s· 6 players
Game mode
Random Map
Map size
Normal (6 player)
Population
200
Speed
Normal
Resources
Standard
Victory
Conquest
Starting age
Dark Age
Ending age
Imperial Age
RankedLock teamsTeams togetherTeam positionsShared explorationLock speedFull tech treeHidden civsTurbo modeCheats
Victory
Defeat
🇲🇽 Burgundians · Mexico
735
+36
🇲🇽 Khmer · Mexico
663
+18
🇲🇽 Italians · Mexico
621
+33
🇨🇦 Bohemians · Canada
724
-18
🇺🇸 Byzantines · United States
699
-17
🇧🇷 Franks · Brazil
679
-16
VoicingBasket46
11:37 Feudal Age
12:02 Horse Collar
12:09 Double-Bit Axe
17:59 Castle Age
18:39 Heavy Plow
18:50 Bow Saw
20:04 Wheelbarrow
24:39 Gold Mining
24:39 Stone Mining
28:26 Hand Cart
32:27 Imperial Age
31:23 Padded Archer Armor
31:13 Fletching
31:34 Caravan
32:05 Coinage
31:57 Ballistics
32:42 Treadmill Crane
33:19 Leather Archer Armor
33:03 Bodkin Arrow
33:54 Crop Rotation
34:32 Two-Man Saw
33:49 Pirotechnia
34:00 Conscription
34:57 Chemistry
33:38 Treadmill Crane
35:02 Banking
35:37 Thumb Ring
36:43 Ring Archer Armor
36:13 Bracer
37:21 Stone Shaft Mining
38:08 Guilds
Coso Azul
14:06 Feudal Age
17:27 Castle Age
23:03 Horse Collar
23:13 Double-Bit Axe
24:20 Heavy Plow
26:09 Bow Saw
26:24 Loom
27:15 Wheelbarrow
26:27 Town Watch
27:56 Gold Mining
27:58 Stone Mining
29:28 Fortified Wall
32:14 Imperial Age
32:24 Imperial Age
29:57 Town Patrol
31:23 Gold Shaft Mining
31:25 Stone Shaft Mining
34:39 Heavy Scorpion
35:55 Siege Engineers
36:52 Double Crossbow
36:18 Light Cavalry
38:14 Scale Barding Armor
38:34 Bloodlines
38:26 Husbandry
37:48 Hussar
39:54 Crop Rotation
41:59 Chemistry
41:21 Ballistics
42:45 Hand Cart
44:03 Chain Barding Armor
Donpepe3000
11:58 Feudal Age
12:27 Horse Collar
12:33 Double-Bit Axe
14:01 Heavy Plow
14:15 Bow Saw
18:20 Castle Age
16:58 Stone Mining
17:04 Gold Mining
22:15 Two-Man Saw
22:57 Wheelbarrow
22:08 Town Watch
22:52 Forging
23:18 Town Patrol
25:03 Pikeman
25:46 Squires
25:35 Arson
26:23 Hand Cart
25:58 Loom
29:14 Crop Rotation
29:22 Stone Shaft Mining
29:24 Gold Shaft Mining
30:16 Iron Casting
29:42 Scale Mail Armor
30:47 Fortified Wall
30:21 Treadmill Crane
31:32 Cavalier
32:15 Husbandry
36:49 Imperial Age
34:30 Scale Barding Armor
38:30 Chemistry
36:58 Man-at-Arms
36:59 Halberdier
38:46 Caravan
38:52 Paladin
42:31 Blast Furnace
44:08 Murder Holes
45:49 Coinage
45:30 Guilds
47:40 Burgundian Vineyards
48:34 Fletching
49:01 Chain Mail Armor
[MCC] Bacteria-Am
2:34 Loom
12:15 Feudal Age
15:35 Double-Bit Axe
16:42 Gold Mining
19:18 Castle Age
17:53 Stone Mining
18:43 Scale Barding Armor
19:55 Wheelbarrow
20:42 Bow Saw
24:47 Chain Barding Armor
31:41 Imperial Age
30:07 Forging
30:07 Husbandry
30:52 Gold Shaft Mining
32:03 Hand Cart
31:35 Town Watch
32:47 Iron Casting
32:07 Cavalier
34:22 Plate Barding Armor
35:11 Murder Holes
37:08 Chemistry
37:31 Blast Furnace
38:45 Town Patrol
38:51 Chivalry
38:16 Paladin
39:26 Fortified Wall
39:43 Padded Archer Armor
39:34 Fletching
39:32 Elite Throwing Axeman
40:56 Leather Archer Armor
44:14 Light Cavalry
Hugh Jass
13:03 Feudal Age
20:09 Castle Age
18:45 Double-Bit Axe
19:27 Man-at-Arms
26:51 Imperial Age
26:26 Chemistry
25:27 Pikeman
25:27 Long Swordsman
31:28 Halberdier
33:36 Bow Saw
33:39 Fervor
34:07 Wheelbarrow
42:02 Caravan
42:43 Hand Cart
46:26 Two-Handed Swordsman
Lizzie Borden
12:05 Feudal Age
15:46 Castle Age
13:29 Horse Collar
13:46 Double-Bit Axe
18:43 Stone Mining
18:47 Gold Mining
20:01 Wheelbarrow
19:13 Loom
19:34 Heavy Plow
19:45 Fletching
20:51 Bodkin Arrow
22:06 Bow Saw
23:23 Forging
26:13 Ballistics
26:36 Stone Shaft Mining
26:57 Murder Holes
27:14 Fortified Wall
28:23 Scale Barding Armor
28:54 Iron Casting
29:12 Husbandry
30:05 Chain Barding Armor
32:01 Gold Shaft Mining
35:15 Imperial Age
36:57 Chemistry
35:24 Capped Ram
36:36 Bracer
37:13 Plate Barding Armor
36:18 Siege Ram
37:24 Heavy Camel Rider
39:14 Hoardings
39:02 Conscription
43:17 Pikeman
44:09 Squires
43:55 Arson
44:11 Elite Varangian Guard
45:43 Caravan
47:50 Scale Mail Armor
49:13 Chain Mail Armor
50:00 Halberdier
52:18 Light Cavalry
Connection lost

Rejoining the realm…

Still unreachable

The connection could not be restored.

Session expired

The server has moved on; the page needs a fresh start.